 Dungeon Crawl Stone Soup version 0.25.0-9-g26727b657a (webtiles) character file.

Game seed: 7509362392909189664

199 HoaS the Ruffian (level 5, -3/33 HPs)
             Began as a Gargoyle Gladiator on June 21, 2020.
             Splashed by a jelly's acid (4 damage)
             ... on level 6 of the Dungeon.
             The game lasted 00:06:20 (1874 turns).

HoaS the Ruffian (Gargoyle Gladiator)               Turns: 1874, Time: 00:06:21

Health: -3/33      AC:  4    Str: 19    XL:     5   Next: 77%
Magic:  5/5        EV:  8    Int:  8    God:
Gold:   107        SH:  0    Dex: 11    Spells: 4/4 levels left

rFire    + . .     SeeInvis .     - Unarmed
rCold    . . .     Gourm    .   (no shield)
rNeg     + . .     Faith    .   i - +0 chain mail
rPois    ∞         Spirit   .   b - +1 helmet
rElec    +         Reflect  .   (no cloak)
rCorr    .         Harm     .   o - +1 pair of gloves
MR       .....                  (no boots)
Stlth    ..........             a - amulet of the acrobat
HPRegen  0.11/turn              l - ring of protection from fire
MPRegen  0.09/turn              (no ring)

@: corroded
A: negative energy resistance 1, electricity resistance, unbreathing,
petrification resistance, rot immunity, AC +4
a: no special abilities


You were on level 6 of the Dungeon.
You were not hungry.

You visited 1 branch of the dungeon, and saw 4 of its levels.

You collected 107 gold pieces.

Inventory:

Missiles
 c - 3 throwing nets (quivered)
Armour
 b - a +1 helmet (worn)
 i - a +0 chain mail (worn)
 o - a +1 pair of gloves (worn)
Jewellery
 a - an amulet of the acrobat (around neck)
 l - a ring of protection from fire (left hand)
Scrolls
 m - a scroll of fear
 p - a scroll of teleportation
Potions
 e - a potion of invisibility
 f - 2 potions of cancellation
 h - a potion of mutation
 j - 2 potions of curing
 n - a potion of flight {unknown}
Comestibles
 d - 6 rations
 g - 4 chunks of flesh


   Skills:
 + Level 4.0 Fighting
 - Level 1.7 Throwing
 - Level 2.4 Dodging
 * Level 5.4 Unarmed Combat


You had 4 spell levels left.
You didn't know any spells.
Your spell library was empty.

Dungeon Overview and Level Annotations

Branches:
Dungeon (3/15)

Altars:
Cheibriados
Ru
Trog


Innate Abilities, Weirdness & Mutations

You are resistant to torment.
Your stone body is resilient. (AC +4)
You are immune to poison.
You resist negative energy. (rN+)
You are resistant to electric shocks. (rElec)
You can survive without breathing.
You are immune to petrification.
You are immune to rotting.


Message History

You kill the ooze!
Your Fighting skill increases to level 4!
You hit the ooze but do no damage.
The ooze is severely wounded.
The ooze closely misses you.
You barely miss the ooze. You punch the ooze.
The ooze is severely wounded.
The ooze hits you but does no damage.
You punch the ooze!
You kill the ooze!
You punch the jelly!
Your hands burn!
* * * LOW HITPOINT WARNING * * *
The jelly is moderately wounded.
The jelly barely misses you.
You hit the jelly. The acid corrodes you!
Your hands burn!
* * * LOW HITPOINT WARNING * * *
The jelly is heavily wounded.
The jelly barely misses you.
You hit the jelly but do no damage. The acid corrodes you!
Your hands burn!
You die...

####.# ..# ..#.# ...#
#####.#.##...#
.............##
......5........ ###
#.#J# # .... #.#.# .#
....###'###.#)###..#..#
.............5J@......#
..............##...#...
.......................
...###.##########.#..#
. #.#


#JPP# .# .# ... #.##.JJJJJ # . .....###..'PJJJJJ .........##JJJ.JP .....###.#
#JPJ# You could see a jelly and a crimson imp.

Vanquished Creatures
  2 jellies (D:6)
  An orc priest (D:6)
  A worker ant (D:3)
  An adder (D:3)
  5 oozes
  A leopard gecko (D:2)
  An orc (D:6)
  3 bats
  4 giant cockroaches
  10 goblins
  8 hobgoblins
  4 jackals (D:2)
  4 kobolds
  A frilled lizard (D:2)
  3 rats (D:1)
49 creatures vanquished.

Vanquished Creatures (others)
  6 fungi (D:6)
6 creatures vanquished.

Grand Total: 55 creatures vanquished

Notes
Turn   | Place    | Note
-------+----------+-------------------------------------------
     0 | D:1      | HoaS the Gargoyle Gladiator began the quest for the Orb.
     0 | D:1      | Reached XP level 1. HP: 12/12 MP: 1/1
    71 | D:1      | Reached XP level 2. HP: 14/18 MP: 2/2
   619 | D:1      | Reached XP level 3. HP: 21/22 MP: 3/3
   872 | D:2      | Reached skill level 4 in Unarmed Combat
   996 | D:2      | Found a bloodstained altar of Trog.
  1574 | D:2      | Found a sacrificial altar of Ru.
  1575 | D:2      | Found a snail-covered altar of Cheibriados.
  1717 | D:3      | Reached XP level 4. HP: 25/28 MP: 4/4
  1769 | D:3      | You fall into a shaft and drop 3 floors!
  1784 | D:6      | Noticed a slime creature
  1819 | D:6      | Reached XP level 5. HP: 15/32 MP: 5/5
  1842 | D:6      | Reached skill level 5 in Unarmed Combat
  1873 | D:6      | HP: 1/33 [acid (5)]
  1874 | D:6      | Splashed by a jelly's acid

Illustrated notes

Levels and vault maps discovered:
D:1:      wander_arrival_chamber, layout_loops_ring, columned_hall_lemuel,
          nrook_campfire, minmay_tripent
D:2:      layout_basic, gammafunk_temple_overflow_statue,
          lemuel_coloured_pillars_altar, first_ration, grunt_decor_resistance,
          st_stairs_4
D:3:      layout_rooms, good_gods_temple_1
D:6:      lemuel_slime, layout_basic

Skill      XL: |  1  2  3  4  5 |
---------------+----------------+-----
Unarmed Combat | 4 5 |  5.4
Fighting       | 3 4 |  4.0
Throwing       | |  1.7
Dodging        | |  2.4

Action                   |  1- 3 |  4- 6 || total
-------------------------+-------+-------++-------
Melee: Unarmed           |   188 |    77 ||   265
       Punch             |     1 |     2 ||     3
  Use: Scroll            |    12 |     1 ||    13
  Eat: Chunk             |     2 |     1 ||     3
Armor: Leather armour    |    16 |       ||    16
       Chain mail        |    81 |    45 ||   126
Dodge: Dodged            |    86 |    30 ||   116
